Description

uThermals "standard 3CC build" gets a factory, 3rd CC, and THEN the second refinery. It is a very low gas style, which usually only takes 4 gas in total.

Remark: this BO has very slight deviations from the attached replay / VOD. It makes 8 hellions rather than 7 and moves 1/1 upgrades 3 seconds earlier, because those were mistakes by uThermal. Also the liberator timing is fixed manually. For some reason it was extracted wrongly as 3:52, the real time should be 4:09.

More notes to be found in the BO steps.

VOD

https://www.youtube.com/watch?v=tIsq0nGRRcQ&t=3s

Replay - 2020-06-05 - (T)MaDMarC VS (Z)RiSky

Build Order

Get SALT Encoding   

  12  0:01  SCV  
  13  0:13  SCV  
  14  0:17  Supply Depot  
  14  0:25  SCV  
  15  0:38  SCV  
  15  0:39  Barracks  
  16  0:43  Refinery  
  16  0:50  SCV  
  17  1:02  SCV  
  18  1:14  SCV  
  19  1:26  Reaper, Orbital Command  
  20  1:39  Command Center  
  20  1:47  Supply Depot  
  20  1:52  SCV  
  21  1:58  Marine  
  22  2:04  SCV  
  22  2:08  Factory  NO additional gas just yet!
  23  2:19  SCV  
  23  2:20  Barracks Reactor  
  24  2:32  SCV  
  25  2:39  Command Center  will take aggressive 3rd spot!
  25  2:44  SCV  
  26  2:51  Orbital Command  
  26  2:56  SCV  
  27  2:59  Starport  
  27  3:07  Refinery  
  27  3:08  SCV  
  27  3:11  Hellion x2  
  30  3:18  SCV x2  
  34  3:30  SCV x2  
  34  3:32  Hellion x2  
  38  3:39  Viking  
  42  3:43  SCV x2  
  42  3:48  Barracks Tech Lab  
  44  3:53  Orbital Command  
  44  3:55  SCV x2  
  45  4:01  Hellion x2  
  50  4:07  SCV  
  44  4:09  Liberator  Viking goes to clear overlords
  54  4:15  SCV x3  
  55  4:19  Supply Depot  
  55  4:20  Stimpack  
  55  4:21  Marine  
  58  4:28  Hellion  move out with 3 hellions, leave 3 at home
  60  4:33  Hellion  
  60  4:35  Supply Depot  
  61  4:41  SCV x3, Marine  
  65  4:52  Starport Reactor  
  65  4:53  SCV x2  
  65  4:54  Barracks x2  
  65  4:58  Marine, Factory Tech Lab  
  65  4:59  SCV  
  69  5:00  Refinery, Engineering Bay x2  Potentially wall in with the bays, move out with 8 hellions, liberator harasses 3rd
  69  5:06  SCV x2  
  70  5:07  Supply Depot, Orbital Command  fly it to aggressive 3rd
  71  5:15  Barracks x2  
  71  5:16  Marine  
  71  5:18  SCV x2  
  71  5:21  Siege Tank  
  77  5:30  Refinery  
  77  5:31  SCV x3  
  77  5:34  Marine  
  80  5:37  Starport Reactor  
  78  5:43  SCV x2  
  78  5:49  SCV  
  81  5:52  Marine x3  
  84  5:54  Terran Infantry Armor Level 1, Terran Infantry Weapons Level 1  
  84  5:58  SCV  
  84  6:01  Supply Depot x2  
  84  6:02  Siege Tank, Marine x2  
  90  6:06  Barracks Reactor x2  
  90  6:10  SCV x2, Supply Depot x2, Marine  
  93  6:21  Supply Depot  
  93  6:22  Combat Shield, Marine, Medivac  
  93  6:25  SCV x2  
  98  6:28  Marine x2  
  100  6:35  Marine x2, Siege Tank  
  100  6:38  SCV  
  106  6:40  Marine x3  
  106  6:45  Supply Depot  
  106  6:46  Marine x4  
  110  6:49  Medivac x2  
  110  6:52  Marine x2  
  119  7:00  Marine x4  
  121  7:02  Barracks x3  
  121  7:05  Marine x4  
  121  7:06  Armory  
  126  7:11  Marine  
  126  7:15  Supply Depot  
  128  7:18  Marine x4  
  128  7:19  Medivac x2  
  134  7:23  Marine x3  
  139  7:30  Marine x2  
  139  7:32  Supply Depot x3  
  139  7:36  Siege Tank, Marine x2  
  146  7:42  Marine x3  
  148  7:44  Supply Depot  
  149  7:53  Marine x6  
  149  7:56  Supply Depot  
  157  8:03  Terran Infantry Weapons Level 2  
  157  8:04  Terran Infantry Armor Level 2  
  157  8:05  Marine x5  
  158  8:11  Marine x3  
  164  8:14  Terran Vehicle Weapons Level 1  
  164  8:16  Supply Depot  
  164  8:17  Marine x3  
  166  8:28  Marine x3  
  166  8:32  Medivac  
  166  8:34  Marine  
  172  8:40  Marine x4  
  164  8:41  Medivac  
  164  8:46  Command Center, Siege Tank  
  164  8:47  Marine x2  
  162  8:56  Marine x4  
  154  9:02  Medivac  
  154  9:07  Marine x5  
  157  9:11  Medivac  
  157  9:13  Marine x6  
  162  9:19  Marine  
  166  9:25  Marine x5  
  166  9:30  Marine x6  
  167  9:32  Medivac  
  167  9:37  Marine  
  174  9:41  Medivac  
  174  9:43  Marine x5  
  169  9:48  Marine x2  
  169  9:54  Marine x2  
Spawning Tool Build Advisor. Get it on Overwolf

Analysis

when you get 6 hellions, move out with 3 and leave 3 at home.

when 8 hellions and liberator are done, wall off, harass 3rd with liberator to distract queens and get good trades with hellions.

Adaptation: if you scout anything cheesy, get a tech lab on the rax while the starport build, then switch the starport on to it and get 1 cloakless banshee, which stays at home (to e.g. defend against roaches). Then also stay on 6 hellions instead of 8.

Go to:

Details

  • Created by: IMP
  • Published on: Sep 10, 2020
  • Modified on: Sep 10, 2020
  • Patch: 4.11.0
  • Difficulty: Medium
Show
View Real Time Build Order
Export as new Build Order

Comments (0)

There are no comments. Be the first!

Create an account to comment!